 Dungeon Crawl Stone Soup version 0.25.0-10-g039870ee82 (webtiles) character file.

Game seed: 6610677376260781118

50 Ge0ff the Chiller (level 3, -7/25 HPs)
             Began as a Gnoll Ice Elementalist on June 23, 2020.
             Shot with an arrow by a centaur (11 damage)
             ... on level 3 of the Dungeon.
             The game lasted 00:04:35 (590 turns).

Ge0ff the Chiller (Gnoll Ice Elementalist)           Turns: 590, Time: 00:04:36

Health: -7/25      AC:  3    Str: 10    XL:     3   Next: 79%
Magic:  6/9        EV: 14    Int: 18    God:
Gold:   69         SH:  0    Dex: 15    Spells: 8/12 levels left

rFire    . . .     SeeInvis .   a - +0 dagger
rCold    . . .     Gourm    .   (no shield)
rNeg     . . .     Faith    .   E - +0 leather armour
rPois    .         Spirit   .   (no helmet)
rElec    .         Reflect  .   (no cloak)
rCorr    .         Harm     .   (no gloves)
MR       .....                  (no boots)
Stlth    ++........             (no amulet)
HPRegen  0.08/turn              (no ring)
MPRegen  0.11/turn              (no ring)

@: frozen ramparts
A: distributed training, fangs 1, strong nose
a: no special abilities


You were on level 3 of the Dungeon.
You were not hungry.

You visited 1 branch of the dungeon, and saw 3 of its levels.

You collected 69 gold pieces.

Inventory:

Hand Weapons
 a - a +0 dagger (weapon)
Missiles
 s - 6 boomerangs (quivered)
 t - 23 stones
 x - 31 arrows
Armour
 D - a +0 chain mail
 E - a +0 leather armour (worn)
Scrolls
 w - a scroll of identify {unknown}
 z - a scroll of fog {unknown}
 C - a scroll of remove curse
Potions
 A - a potion of curing {unknown}
 B - a potion of stabbing {unknown}
 F - a potion of lignification {unknown}
Comestibles
 r - 2 rations
 u - 2 chunks of flesh


   Skills:
 + Level 0.9 Fighting
 + Level 0.9 Short Blades
 + Level 0.9 Long Blades
 + Level 0.9 Axes
 + Level 0.9 Maces & Flails
 + Level 0.9 Polearms
 + Level 0.9 Staves
 + Level 0.9 Slings
 + Level 0.9 Bows
 + Level 0.9 Crossbows
 + Level 0.9 Throwing
 + Level 0.9 Armour
 + Level 4.5 Dodging
 + Level 4.2 Stealth
 + Level 0.9 Shields
 + Level 0.9 Unarmed Combat
 + Level 5.0 Spellcasting
 + Level 0.6 Conjurations
 + Level 0.6 Hexes
 + Level 0.6 Charms
 + Level 0.6 Summonings
 + Level 0.6 Necromancy
 + Level 0.6 Translocations
 + Level 0.6 Transmutations
 + Level 0.6 Fire Magic
 + Level 7.1 Ice Magic
 + Level 0.6 Air Magic
 + Level 0.6 Earth Magic
 + Level 0.6 Poison Magic
 + Level 1.0 Invocations
 + Level 0.9 Evocations


You had 8 spell levels left.
You knew the following spells:

 Your Spells              Type           Power        Failure   Level  Hunger
k - Freeze                Ice            ####         1%          1    None
m - Frozen Ramparts       Ice            ####..       3%          3    ##.....

Your spell library contained the following spells:

 Spells                   Type           Power        Failure   Level  Hunger
 Ozocubu's Armour         Chrm/Ice       ###.....     11%         3    ##.....
 Hailstorm                Conj/Ice       ###.....     36%         4    ####...
 Summon Ice Beast         Ice/Summ       ###.....     36%         4    ####...


Dungeon Overview and Level Annotations

Branches:
Dungeon (3/15)

Altars:
Ru

Annotations:
D:3 1 transporter


Innate Abilities, Weirdness & Mutations

Your experience applies equally to all skills.
You have very sharp teeth.
Your uncanny sense of smell can sniff out nearby items.


Message History

The centaur is lightly wounded.
The centaur hits you.
The wall freezes the centaur.
The centaur hits you. The orc misses you.
The adder zombie resists.
The wall freezes the adder zombie.
The adder zombie misses you. The centaur closely misses you.
The wall freezes the centaur.
The centaur hits you.
The centaur hits you but does no damage.
The wall freezes the centaur.
The centaur hits you.
* * * LOW HITPOINT WARNING * * *
The adder zombie completely resists.
The wall freezes the adder zombie but do no damage.
The orc barely misses you.
Found a ration.
The centaur wields a cursed -1 shortbow.
The centaur shoots an arrow.
The arrow hits you.
* * * LOW HITPOINT WARNING * * *
The wall freezes the centaur but do no damage.
The centaur wields a +0 shortbow.
The centaur shoots an arrow.
The arrow hits you!
You die...

#.# ..% ..##... ##.##
.....>.....
#####...###.........#
##.....©............#
#..#########.... ..# #
#.##8.o.Z.8##.###.# .#
#.#....cc...#.##<.# ##..
#.#..#.Z.#..#.##.#####...#
#.#.#....@#.#..#.#.....#
#.#©........#.........##.#
#.#.#.....#.#.###..##÷....
#.#..#...#!.#......#####.#
#.#..)$$)!..#..###.# #
#.##8$._.$8##..# ###
#..#########...#
##.....©.......#
#####........##


You could see 2 centaurs, an orc, an adder zombie and a leopard gecko skeleton.

Vanquished Creatures
  Jessica (D:2)
  A dart slug (D:2)
  A leopard gecko (D:1)
  7 goblins
  2 hobgoblins
  2 kobolds
  A ball python (D:1)
  4 bats
  3 rats
22 creatures vanquished.

Notes
Turn   | Place    | Note
-------+----------+-------------------------------------------
     0 | D:1      | Ge0ff the Gnoll Ice Elementalist began the quest for the
                  | Orb.
     0 | D:1      | Reached XP level 1. HP: 13/13 MP: 6/6
   157 | D:1      | Reached XP level 2. HP: 19/19 MP: 4/7
   453 | D:2      | Reached XP level 3. HP: 25/25 MP: 9/9
   485 | D:2      | Noticed Jessica
   491 | D:2      | Killed Jessica
   491 | D:2      | Reached skill level 5 in Spellcasting
   491 | D:2      | Reached skill level 1 in Invocations
   497 | D:2      | Learned a level 3 spell: Frozen Ramparts
   536 | D:3      | Noticed a centaur
   552 | D:3      | Found a sacrificial altar of Ru.
   555 | D:3      | Noticed a centaur
   557 | D:3      | Found a transporter.
   572 | D:3      | Found a transporter.
   590 | D:3      | Shot with an arrow by a centaur

Illustrated notes

Levels and vault maps discovered:
D:1:      heliophobic_arrival_henge, layout_basic, nrook_mini_backslash,
          minmay_box_of_dots
D:2:      layout_basic, uniq_terence, uniq_jessica
D:3:      layout_rooms, gammafunk_temple_overflow_arena,
          hellmonk_ghost_happy_afterlife, minmay_misc_feat_columns

Skill      XL: |  1  2  3 |
---------------+----------+-----
Spellcasting   | 5 |  5.0
Invocations    | 1 |  1.0
Fighting       | |  0.9
Short Blades   | |  0.9
Long Blades    | |  0.9
Axes           | |  0.9
Maces & Flails | |  0.9
Polearms       | |  0.9
Staves         | |  0.9
Slings         | |  0.9
Bows           | |  0.9
Crossbows      | |  0.9
Throwing       | |  0.9
Armour         | |  0.9
Dodging        | |  4.5
Stealth        | |  4.2
Shields        | |  0.9
Unarmed Combat | |  0.9
Conjurations   | |  0.6
Hexes          | |  0.6
Charms         | |  0.6
Summonings     | |  0.6
Necromancy     | |  0.6
Translocations | |  0.6
Transmutations | |  0.6
Fire Magic     | |  0.6
Ice Magic      | |  7.1
Air Magic      | |  0.6
Earth Magic    | |  0.6
Poison Magic   | |  0.6
Evocations     | |  0.9

Action                   || total
-------------------------++-------
Melee: Dagger            ||     6
Throw: Boomerang         ||     2
 Cast: Freeze            ||    26
       Frozen Ramparts   ||     1
  Use: Scroll            ||     1
 Stab: Sleeping          ||     5
Armor: Robe              ||     5
       Leather armour    ||     2
Dodge: Dodged            ||    21

Levels and vault maps discovered:
D:1:      heliophobic_arrival_henge, layout_basic, nrook_mini_backslash,
          minmay_box_of_dots
D:2:      layout_basic, uniq_terence, uniq_jessica
D:3:      layout_rooms, gammafunk_temple_overflow_arena,
          hellmonk_ghost_happy_afterlife, minmay_misc_feat_columns
